 Dungeon Crawl Stone Soup version 0.28.0-45-g0d030f2227 (webtiles) character file.

Game seed: 2142311818527067385

277 Ablot the Cutter (level 6, 0/79 HPs)
             Began as a Gnoll Chaos Knight on Apr 23, 2022.
             Was a Plaything of Xom.
             Slain by an orc
             ... wielding a +0 war axe
              (9 damage)
             ... on level 4 of the Dungeon.
             The game lasted 00:03:30 (2805 turns).

Ablot the Cutter (Gnoll Chaos Knight)               Turns: 2805, Time: 00:03:32

Health: 0/79       AC:  5    Str: 13    XL:     6   Next: 26%
Magic:  8/8        EV: 12    Int: 11    God:    Xom [*.....]
Gold:   116        SH:  0    Dex: 12    Spells: 8/8 levels left

rFire   . . .      SeeInvis .   a - +0 short sword (chaos)
rCold   . . .      Faith    .   (no shield)
rNeg    . . .      Spirit   .   b - +2 leather armour
rPois   .          Reflect  .   (no helmet)
rElec   .          Harm     .   (no cloak)
rCorr   .          Rampage  .   (no gloves)
Will    .....                   (no boots)
Stlth   ..........              (no amulet)
HPRegen 0.23/turn               (no ring)
MPRegen 0.11/turn               (no ring)

@: berserking, very quick
A: fangs 1, strong nose, distributed training
a: Renounce Religion


You were on level 4 of the Dungeon.
You worshipped Xom.
You were a special plaything of Xom.
You visited 1 branch of the dungeon, and saw 4 of its levels.

You collected 233 gold pieces.
You spent 117 gold pieces at shops.

Inventory:

Hand Weapons
 a - a +0 short sword of chaos (weapon)
 q - a +1 hunting sling of flaming
 r - a +3 dagger
Missiles
 i - 86 stones
 l - 45 arrows
 m - 33 sling bullets
 v - 2 boomerangs
 w - 4 poisoned darts (quivered)
Armour
 b - a +2 leather armour (worn)
Jewellery
 t - an amulet of faith
Scrolls
 d - 2 scrolls of identify {unknown}
 e - 2 scrolls of fear {unknown}
 f - 2 scrolls of magic mapping {unknown}
 g - 2 scrolls of teleportation {unknown}
 j - a scroll of amnesia {unknown}
 s - a scroll of enchant weapon {unknown}
 u - a scroll of acquirement {unknown}
Potions
 c - 3 potions of curing
 h - a potion of berserk rage
 k - a potion of might {unknown}
 n - a potion of degeneration {unknown}
 o - a potion of magic {unknown}
 p - a potion of flight {unknown}


   Skills:
 + Level 6.8 Fighting
 + Level 6.8 Short Blades
 + Level 1.9 Long Blades
 + Level 1.9 Axes
 + Level 1.9 Maces & Flails
 + Level 1.9 Polearms
 + Level 1.9 Staves
 + Level 1.9 Slings
 + Level 1.9 Bows
 + Level 1.9 Crossbows
 + Level 1.9 Throwing
 + Level 4.9 Armour
 + Level 3.2 Dodging
 + Level 1.9 Stealth
 + Level 1.9 Shields
 + Level 1.9 Unarmed Combat
 + Level 1.9 Spellcasting
 + Level 1.5 Conjurations
 + Level 1.5 Hexes
 + Level 1.5 Summonings
 + Level 1.5 Necromancy
 + Level 1.5 Translocations
 + Level 1.5 Transmutations
 + Level 1.5 Fire Magic
 + Level 1.5 Ice Magic
 + Level 1.5 Air Magic
 + Level 1.5 Earth Magic
 + Level 1.5 Poison Magic
 + Level 2.1 Invocations
 + Level 1.9 Evocations


You had 8 spell levels left.
You didn't know any spells.
Your spell library contained the following spells:

 Spells                   Type           Power      Damage    Failure   Level
 Magic Dart               Conj           16%        1d3       21%         1
 Call Imp                 Summ           4%         N/A       30%         2
 Mephitic Cloud           Conj/Pois/Air  4%         N/A       52%         3


Dungeon Overview and Level Annotations

Branches:
Dungeon (4/15)
 Temple: D:4-7

Altars:
Fedhas
Nemelex Xobeh
Zin
Beogh

Shops:
D:2 *


Innate Abilities, Weirdness & Mutations

You have very sharp teeth.
Your uncanny sense of smell can sniff out nearby items.
Your experience applies equally to all skills.


Message History

The water moccasin skeleton is lightly damaged.
The howler monkey hoots and howls with incredible vigour!
You hear a shout!
You barely miss the water moccasin skeleton.
The water moccasin skeleton is lightly damaged.
The water moccasin skeleton misses you. The orc hits you with a +0 war axe!
You closely miss the water moccasin skeleton.
The water moccasin skeleton is lightly damaged.
The water moccasin skeleton bites you. The orc barely misses you.
You barely miss the water moccasin skeleton.
You bite the water moccasin skeleton.
The water moccasin skeleton is lightly damaged.
The water moccasin skeleton closely misses you.
The orc hits you with a +0 war axe.
* * * LOW HITPOINT WARNING * * *
You hit the water moccasin skeleton. You burn the water moccasin skeleton.
The water moccasin skeleton is moderately damaged.
The water moccasin skeleton bites you!
* * * LOW HITPOINT WARNING * * *
You hit the water moccasin skeleton.
The water moccasin skeleton is moderately damaged.
The water moccasin skeleton barely misses you.
The orc hits you with a +0 war axe.
* * * LOW HITPOINT WARNING * * *
The howler monkey hoots and howls with incredible vigour!
Unknown command.
It was a potion of curing.
You feel better.
Xom thinks this is hilarious!
A quokka comes into view.
The water moccasin skeleton misses you. The orc closely misses you.
The quokka moves out of view.
It was a potion of berserk rage.
A red film seems to cover your vision as you go berserk!
You feel yourself moving faster!
You feel mighty!
Xom thinks this is hilarious!
The water moccasin skeleton bites you.
* * * LOW HITPOINT WARNING * * *
The orc hits you with a +0 war axe!
You die...
Xom cackles wildly!

#.. ......
#.##.#..# ####
#.....Z.#
.....##<#..#.###.
..........##....w
.....#.....h..#
#### #w..oZ...#
#Z##o##..###
#@##........
#o##.#....##
#oh.......#
#go.........
#.##......##
#<).....##.#
....###..# ...
#..... ..# #
..).... .##


You could see an orc warrior, a worm, a howler monkey, 2 orcs, a goblin and a
water moccasin skeleton (strong).

Vanquished Creatures
  A water moccasin skeleton (D:4)
  A bullfrog skeleton (D:3)
  A jelly (D:1)
  Natasha (thrice) (D:2)
  4 adders
  A dart slug (D:4)
  5 endoplasms
  2 giant cockroaches
  12 goblins
  3 hobgoblins
  6 kobolds
  A quokka (D:1)
  2 ball pythons
  10 bats
  A frilled lizard (D:3)
  7 rats
60 creatures vanquished.

Vanquished Creatures (others)
  A kobold (D:4)
  3 fungi (D:2)
  5 plants (D:2)
9 creatures vanquished.

Grand Total: 69 creatures vanquished

Notes
Turn   | Place    | Note
-------+----------+-------------------------------------------
     0 | D:1      | Ablot the Gnoll Chaos Knight began the quest for the Orb.
     0 | D:1      | Reached XP level 1. HP: 23/23 MP: 1/1
   232 | D:1      | XOM: silly message
   317 | D:1      | Noticed an orc warrior
   317 | D:1      | Noticed an orc priest
   320 | D:1      | Noticed an orc wizard
   368 | D:1      | XOM: silly message
   411 | D:1      | Reached XP level 2. HP: 28/29 MP: 2/2
   447 | D:1      | XOM: silly message
   631 | D:1      | Reached XP level 3. HP: 35/35 MP: 3/3
   792 | D:1      | XOM: smoke on damage
   797 | D:1      | Reached skill level 1 in Long Blades
   797 | D:1      | Reached skill level 1 in Axes
   797 | D:1      | Reached skill level 1 in Maces & Flails
   797 | D:1      | Reached skill level 1 in Polearms
   797 | D:1      | Reached skill level 1 in Staves
   797 | D:1      | Reached skill level 1 in Slings
   797 | D:1      | Reached skill level 1 in Bows
   797 | D:1      | Reached skill level 1 in Crossbows
   797 | D:1      | Reached skill level 1 in Throwing
   797 | D:1      | Reached skill level 1 in Stealth
   797 | D:1      | Reached skill level 1 in Shields
   797 | D:1      | Reached skill level 1 in Unarmed Combat
   797 | D:1      | Reached skill level 1 in Spellcasting
   797 | D:1      | Reached skill level 1 in Invocations
   797 | D:1      | Reached skill level 1 in Evocations
   797 | D:1      | Reached XP level 4. HP: 37/41 MP: 5/5
  1151 | D:2      | XOM: divination: detect creatures
  1199 | D:2      | Found Supt's Assorted Antiques.
  1207 | D:2      | Bought a scroll labelled QEULUH DANEO for 25 gold pieces
  1207 | D:2      | Bought a scroll labelled VASHRE HUSOJORHU for 25 gold
                  | pieces
  1207 | D:2      | Bought an inky potion for 22 gold pieces
  1218 | D:2      | Noticed Natasha
  1226 | D:2      | Killed Natasha
  1227 | D:2      | Reached skill level 1 in Conjurations
  1227 | D:2      | Reached skill level 1 in Hexes
  1227 | D:2      | Reached skill level 1 in Summonings
  1227 | D:2      | Reached skill level 1 in Necromancy
  1227 | D:2      | Reached skill level 1 in Translocations
  1227 | D:2      | Reached skill level 1 in Transmutations
  1227 | D:2      | Reached skill level 1 in Fire Magic
  1227 | D:2      | Reached skill level 1 in Ice Magic
  1227 | D:2      | Reached skill level 1 in Air Magic
  1227 | D:2      | Reached skill level 1 in Earth Magic
  1227 | D:2      | Reached skill level 1 in Poison Magic
  1350 | D:2      | Found a faded altar of an unknown god.
  1350 | D:2      | Noticed Natasha
  1360 | D:2      | Killed Natasha
  1361 | D:2      | Reached XP level 5. HP: 35/47 MP: 5/7
  1622 | D:2      | Noticed Natasha
  1631 | D:2      | Killed Natasha
  1877 | D:2      | Bought 2 dark potions for 45 gold pieces
  2057 | D:3      | XOM: silly message
  2480 | D:3      | Found a sparkling altar of Nemelex Xobeh.
  2481 | D:3      | Found a glowing silver altar of Zin.
  2482 | D:3      | Found a blossoming altar of Fedhas.
  2511 | D:3      | Reached XP level 6. HP: 49/53 MP: 8/8
  2766 | D:4      | Noticed an orc warrior
  2773 | D:4      | XOM: swap monsters
  2777 | D:4      | XOM: silly message
  2789 | D:4      | XOM: destruction
  2803 | D:4      | HP: 1/53 [orc/+0 war axe (5)]
  2805 | D:4      | Slain by an orc

Illustrated notes

Levels and vault maps discovered:
D:1:      erik_arrival_cave_to_civilisation [erik_arrival_cave_to_temple],
          layout_basic
D:2:      layout_loops_ring, dreamdust_ecumenical_altar_hidden_monk_grotto,
          serial_shops, nicolae_shop_stone, uniq_natasha
D:3:      layout_loops_ring, grunt_temple_overflow_open, serial_glass,
          glass_columns_b, glass_columns_c, glass_columns_b, glass_columns_b,
          glass_columns_b, glass_columns_c, glass_columns_b, glass_columns_c
D:4:      layout_loops_cross, gup_ossuary_entry_pyramid

Skill      XL: |  1  2  3  4  5 |
---------------+----------------+-----
Long Blades    | 1 |  1.9
Axes           | 1 |  1.9
Maces & Flails | 1 |  1.9
Polearms       | 1 |  1.9
Staves         | 1 |  1.9
Slings         | 1 |  1.9
Bows           | 1 |  1.9
Crossbows      | 1 |  1.9
Throwing       | 1 |  1.9
Stealth        | 1 |  1.9
Shields        | 1 |  1.9
Unarmed Combat | 1 |  1.9
Spellcasting   | 1 |  1.9
Invocations    | 1 2 |  2.1
Evocations     | 1 |  1.9
Conjurations   | 1 |  1.5
Hexes          | 1 |  1.5
Summonings     | 1 |  1.5
Necromancy     | 1 |  1.5
Translocations | 1 |  1.5
Transmutations | 1 |  1.5
Fire Magic     | 1 |  1.5
Ice Magic      | 1 |  1.5
Air Magic      | 1 |  1.5
Earth Magic    | 1 |  1.5
Poison Magic   | 1 |  1.5
Dodging        | 3 |  3.2
Fighting       | |  6.8
Short Blades   | |  6.8
Armour         | |  4.9

Action                   |  1- 3 |  4- 6 || total
-------------------------+-------+-------++-------
Melee: Short sword       |    82 |   147 ||   229
       Bite              |     8 |    18 ||    26
       Punch             |       |     2 ||     2
  Use: Potion            |       |     2 ||     2
 Stab: Petrifying        |     1 |     2 ||     3
       Paralysed         |     1 |       ||     1
       Sleeping          |       |     3 ||     3
Armor: Leather armour    |    26 |    34 ||    60
Dodge: Dodged            |    52 |    68 ||   120
